 Dungeon Crawl Stone Soup version 0.17.0-26-gececa24 (webtiles) character file.

148 septik the Caller (level 5, -2/35 HPs)
             Began as a Mummy Summoner on Nov 20, 2015.
             Slain by Duvessa
             ... wielding a +0 short sword
              (4 damage)
             ... on level 5 of the Dungeon.
             The game lasted 00:12:22 (4557 turns).

septik the Caller (Mummy Summoner)                  Turns: 4557, Time: 00:12:22

Health: -2/35      AC:  3    Str: 14    XL:     5   Next: 8%
Magic:  7/11       EV: 12    Int: 18    God:
Gold:   181        SH:  0    Dex: 13    Spells: 4 memorised, 2 levels left

rFire  x . .     SeeInvis .     d - +0 whip
rCold  + . .     Clarity  .     a - +0 robe
rNeg   + + +     SustAt   .     (no shield)
rPois  ∞         Gourm    .     (no helmet)
rElec  .         Spirit   .     (no cloak)
rCorr  .         Warding  .     i - +0 pair of gloves
rMut   .         Stasis   .     (no boots)
MR     .....                    (no amulet)
Stlth  ++........               l - +3 ring of strength
                                f - +3 ring of intelligence

@: not resistant to hostile enchantments, unstealthy
A: no food or potions, fire vulnerability, cold resistance 1, negative energy
resistance 3, torment resistance, unbreathing
a: no special abilities


You were on level 5 of the Dungeon.
You were not hungry.

You visited 1 branch of the dungeon, and saw 5 of its levels.

You collected 181 gold pieces.

Inventory:

Hand Weapons
 d - a +0 whip (weapon)
 j - a +0 longbow
 p - a +0 blowgun
Missiles
 e - 159 stones (quivered)
 q - 12 poisoned needles
Armour
 a - a +0 robe (worn)
 i - a +0 pair of gloves (worn)
 m - a +2 leather armour of fire resistance
Jewellery
 f - a +3 ring of intelligence (left hand)
 l - a +3 ring of strength (right hand)
 r - a +2 ring of evasion {unknown}
Scrolls
 c - 3 scrolls of remove curse {unknown}
 g - a scroll of blinking {unknown}
 h - 3 scrolls of identify {unknown}
 k - 2 scrolls of enchant armour {unknown}
 n - a scroll of random uselessness {unknown}
 o - 2 scrolls of fog {unknown}
 s - a scroll of recharging {unknown}
Books
 b - a book of Callings

   Spells                             Type                      Level
   a - Summon Small Mammal            Summoning                    1
   b - Call Imp                       Summoning                    2
   c - Call Canine Familiar           Summoning                    3
   d - Summon Guardian Golem          Hexes/Summoning              3
   e - Summon Lightning Spire         Summoning/Air                4
   f - Summon Ice Beast               Ice/Summoning                4


   Skills:
 - Level 1.5 Dodging
 - Level 1.5 Stealth
 - Level 4.0 Spellcasting
 - Level 4.0 Summonings
 * Level 0.4 Ice Magic


You had 2 spell levels left.
You knew the following spells:

 Your Spells              Type           Power        Failure   Level  Hunger
a - Summon Small Mammal   Summ           ###.         2%          1    N/A
b - Call Imp              Summ           ###.....     4%          2    N/A
c - Call Canine Familiar  Summ           ###.....     10%         3    N/A
d - Summon Ice Beast      Ice/Summ       ##......     67%         4    N/A

Dungeon Overview and Level Annotations

Branches:
Dungeon (5/15)
 Temple: D:4-7

Altars:

Shops:
D:4 %

Annotations:
D:5 Dowan, Duvessa


Innate Abilities, Weirdness & Mutations

You do not eat or drink.
Your flesh is vulnerable to fire.
You are immune to poison.
Your flesh is cold resistant.
You are immune to negative energy.
You are immune to unholy pain and torment.
You can survive without breathing.


Message History

You hit Duvessa.
Duvessa is almost dead.
Duvessa hits you but does no damage.
Your hound barely misses Duvessa.
You hit Duvessa but do no damage.
Duvessa is almost dead.
Duvessa hits you with a short sword.
Your hound barely misses Duvessa.
Duvessa hits you with a short sword!
Your hound barely misses Duvessa.
You hit Duvessa but do no damage.
Duvessa is almost dead.
Your hound barely misses Duvessa.
Duvessa hits you with a short sword!
Your hound barely misses Duvessa.
Duvessa hits you with a short sword.
Your hound bites Duvessa but does no damage.
Duvessa hits you with a short sword!
* * * LOW HITPOINT WARNING * * *
Your hound barely misses Duvessa.
Casting: Call Imp
Confirm with . or Enter, or press ? or * to list all spells.
Duvessa hits you with a short sword.
You die...

#.# #.# #..# #(#
#.# #..# #.# #.#
#####..# #.# #.#
#......#
#.#####.####.###..#
#............##...#
#######.#######.#.#
#.# #r#.# #.# #@#.#
#.# ###e#.# #.#
#..h..# #.. #.#.###
### #.#.# #5#.#
#e#.# .e..# ..###


You could see Duvessa, a friendly hound and a friendly rat.

Vanquished Creatures
  A centaur skeleton (D:4)
  Ijyb (D:2)
  An orc (D:4)
  A ball python (D:2)
  2 giant cockroaches
  3 hobgoblins
  A quokka (D:2)
  2 bats (D:2)
  A giant gecko (D:3)
  A giant gecko skeleton (D:4)
  A giant newt (D:2)
  4 goblins
  2 kobolds
  4 rats
25 creatures vanquished.

Vanquished Creatures (collateral kills)
  Natasha (twice) (D:3)
  3 adders
  An ooze (D:3)
  2 worms
  2 giant geckos
  3 orcs
  2 ball pythons (D:1)
  4 bats
  11 hobgoblins
  4 jackals (D:3)
  A quokka (D:3)
  A giant cockroach (D:3)
  A giant newt (D:1)
  4 goblins
  14 kobolds
  A quokka skeleton (D:4)
  8 rats
64 creatures vanquished.

Grand Total: 89 creatures vanquished

Notes
Turn   | Place    | Note
--------------------------------------------------------------
     0 | D:1      | septik the Mummy Summoner began the quest for the Orb.
     0 | D:1      | Reached XP level 1. HP: 13/13 MP: 3/3
   195 | D:1      | Reached XP level 2. HP: 4/19 MP: 1/5
  1547 | D:2      | Reached XP level 3. HP: 24/24 MP: 7/7
  1725 | D:2      | Noticed Ijyb
  1850 | D:2      | Killed Ijyb
  2368 | D:2      | Learned a level 2 spell: Call Imp
  2372 | D:2      | Learned a level 3 spell: Call Canine Familiar
  2423 | D:2      | Reached XP level 4. HP: 30/30 MP: 2/9
  3211 | D:3      | Noticed Natasha
  3254 | D:3      | Killed Natasha
  3254 | D:3      | Reached skill level 4 in Summonings
  3570 | D:3      | Noticed Natasha
  3583 | D:3      | Killed Natasha
  3955 | D:4      | Learned a level 4 spell: Summon Ice Beast
  4072 | D:4      | Reached XP level 5. HP: 32/35 MP: 8/11
  4118 | D:4      | Found Saob's Food Emporium.
  4392 | D:5      | Entered Level 5 of the Dungeon
  4438 | D:5      | Noticed Dowan
  4529 | D:5      | Noticed Duvessa
  4557 | D:5      | Slain by Duvessa

Action                   |  1- 3 |  4- 6 || total
-------------------------+-------+-------++-------
Melee: Whip              |   103 |    41 ||   144
       Unarmed           |     5 |       ||     5
 Cast: Summon Small Mamm |    80 |     1 ||    81
       Call Canine Famil |     3 |    21 ||    24
       Call Imp          |       |    18 ||    18
 Stab: Sleeping          |     3 |     1 ||     4
       Distracted        |     2 |     1 ||     3
